 Dungeon Crawl Stone Soup version 0.29.1-1-gd02db6906a (webtiles) character file.

Game seed: 13185374562070011917

337 nonceun the Cleaver (level 6, -2/78 HPs)
             Began as a Minotaur Berserker on Sept 30, 2022.
             Was a Believer of Trog.
             Slain by an ogre
             ... wielding a +0 giant club
              (28 damage)
             ... on level 5 of the Dungeon.
             The game lasted 00:13:19 (3720 turns).

nonceun the Cleaver (Minotaur Berserker)            Turns: 3720, Time: 00:13:19

Health: -2/78      AC: 10    Str: 23    XL:     6   Next: 28%
Magic:  5/5        EV: 10    Int:  4    God:    Trog [**....]
Gold:   160        SH:  0    Dex: 10    Spells: 5/5 levels left

rFire   . . .      SeeInvis .   a - +0 hand axe
rCold   + . .      Faith    .   (no shield)
rNeg    . . .      Spirit   .   c - +0 scale mail
rPois   .          Reflect  .   (helmet restricted)
rElec   .          Harm     .   (no cloak)
rCorr   .          Rampage  .   (no gloves)
Will    ++...                   (no boots)
Stlth   ..........              (no amulet)
HPRegen 1.23/turn               j - +4 ring of protection
MPRegen 0.09/turn               n - ring of protection from cold

@: berserking, strong-willed, regenerating, very quick
A: horns 2, retaliatory headbutt
a: Renounce Religion, Berserk, Trog's Hand


You were on level 5 of the Dungeon.
You worshipped Trog.
Trog was pleased with you.
You visited 1 branch of the dungeon, and saw 5 of its levels.

You collected 160 gold pieces.

Inventory:

Hand Weapons
 a - a +0 hand axe (weapon)
 b - the +2 sling "Resiet" {vorpal, rCorr Int+3}
   (You found it on level 3 of the Dungeon)

   Any ammunition fired from it inflicts extra damage upon your enemies.
   Int:       It affects your intelligence (+3).
   rCorr:     It protects you from acid and corrosion.
Missiles
 d - 50 stones (quivered)
 u - a throwing net
Armour
 c - a +0 scale mail (worn)
Jewellery
 j - a +4 ring of protection (left hand)
 n - a ring of protection from cold (right hand)
Wands
 q - a wand of polymorph (8)
Scrolls
 k - 5 scrolls of identify {unknown}
 l - 3 scrolls of enchant weapon {unknown}
 m - 2 scrolls of immolation {unknown}
 t - 4 scrolls of teleportation {unknown}
 v - a scroll of fear {unknown}
 w - a scroll of silence {unknown}
Potions
 e - 2 potions of berserk rage {unknown}
 f - a potion of heal wounds {unknown}
 g - a potion of might {unknown}
 h - 3 potions of cancellation {unknown}
 i - 2 potions of curing
 o - a potion of mutation {unknown}
 p - 3 potions of lignification {unknown}
 r - a potion of attraction {unknown}
 s - 2 potions of degeneration {unknown}


   Skills:
 + Level 4.2 Fighting
 + Level 8.3 Axes
 - Level 2.4 Armour
 - Level 2.1 Dodging


You had 5 spell levels left.
You didn't know any spells.
Your spell library contained the following spells:

 Spells                   Type           Power      Damage    Failure   Level
 Apportation              Tloc           0%         N/A       82%         1
 Necrotise                Necr           0%         1d4       82%         1
 Shock                    Conj/Air       0%         1d3       82%         1
 Summon Small Mammal      Summ           0%         N/A       82%         1
 Ignite Poison            Fire/Tmut/Pois 0%         N/A       99%         3
 Airstrike                Air            0%         2d(0-16)  100%        4
 Storm Form               Tmut/Air       0%         N/A       100%        7


Dungeon Overview and Level Annotations

Branches:
Dungeon (5/15)
 Temple: D:4-7

Altars:
Elyvilon
Xom
The Shining One

Shops:
D:5 !

Annotations:
D:4 3 runed translucent doors, hawla's ghost, amateur DrCj


Innate Abilities, Weirdness & Mutations

You have a pair of horns on your head.
You reflexively headbutt those who attack you in melee.


Message History

Blork the orc points at you and mumbles some strange words.
The magic dart hits you but does no damage.
You barely miss Blork the orc.
Blork the orc is moderately wounded.
Blork the orc cheers repeatedly.
Blork the orc hits you with a +0 mace.
Blork the orc points at you and mumbles some strange words.
The magic dart hits you.
You hit Blork the orc.
Blork the orc is heavily wounded.
Blork the orc hits you with a +0 mace.
You hit Blork the orc.
Blork the orc is heavily wounded.
Blork the orc barely misses you.
You barely miss Blork the orc. Your headbutt misses Blork the orc.
Blork the orc is heavily wounded.
Blork the orc hits you with a +0 mace.
You slash Blork the orc!
Blork the orc is almost dead.
Blork the orc barely misses you.
Blork the orc hits you but does no damage.
An ogre comes into view. It is wielding a +0 giant club.
You closely miss Blork the orc.
The ogre shouts!
Your headbutt misses Blork the orc.
Blork the orc is almost dead.
Blork the orc hits you but does no damage.
You hit Blork the orc.
You kill Blork the orc!
Trog accepts your kill.
Trog appreciates your killing of a magic user.
Your life force feels restored.
You barely miss the ogre. Your headbutt misses the ogre. You slash the ogre!
The ogre is moderately wounded.
The ogre hits you with a +0 giant club!!
A red film seems to cover your vision as you go berserk!
You feel yourself moving faster!
You feel mighty!
The ogre hits you with a +0 giant club!!
You die...

## . .# .. #.#
.?. ..#.. ...
.. ###
##.##....
#...##<.......
#...)@..######
#.....O.#
#...###...#
#... .#..?#
### .###.# .#
. ..


You could see an ogre.

Vanquished Creatures
  Blork the orc (D:5)
  2 hounds
  An orc wizard (D:4)
  Robin (D:2)
  3 gnolls (D:4)
  4 adders
  An ufetubus (D:4)
  2 worms
  4 dart slugs
  10 orcs
  5 ball pythons
  3 bats (D:1)
  5 endoplasms
  2 giant cockroaches
  8 goblins
  11 hobgoblins
  12 kobolds
  5 quokkas
  6 rats
86 creatures vanquished.

Notes
Turn   | Place    | Note
-------+----------+-------------------------------------------
     0 | D:1      | nonceun the Minotaur Berserker began the quest for the Orb.
     0 | D:1      | Reached XP level 1. HP: 19/19 MP: 0/0
   325 | D:1      | Reached skill level 4 in Axes
   445 | D:1      | Reached XP level 2. HP: 26/26 MP: 1/1
   618 | D:1      | Found a faded altar of an unknown god.
   662 | D:1      | Reached skill level 5 in Axes
   984 | D:2      | Noticed Robin
   994 | D:2      | Reached XP level 3. HP: 26/31 MP: 2/2
  1006 | D:2      | Killed Robin
  1234 | D:2      | Reached ** piety under Trog
  1296 | D:2      | Reached skill level 6 in Axes
  1296 | D:2      | Reached XP level 4. HP: 31/39 MP: 3/3
  1826 | D:3      | Found Afaxidev's Magic Scroll Shop.
  1832 | D:3      | Identified the +2 sling "Resiet" {vorpal, rCorr Int+3}
  1914 | D:3      | Reached XP level 5. HP: 42/46 MP: 4/4
  2429 | D:4      | Found a glowing golden altar of the Shining One.
  2445 | D:4      | Reached skill level 7 in Axes
  2671 | D:4      | Got the Grimoire of the Inconstant Brume
  2768 | D:4      | Found a runed translucent gate.
  2769 | D:4      | Found a runed translucent gate.
  2772 | D:4      | Found a runed translucent gate.
  3024 | D:4      | Noticed hawla's ghost (amateur DrCj)
  3217 | D:4      | Reached XP level 6. HP: 48/48 MP: 5/5
  3390 | D:4      | Found a white marble altar of Elyvilon.
  3498 | D:4      | Found a shimmering altar of Xom.
  3506 | D:4      | Reached skill level 8 in Axes
  3705 | D:5      | Entered Level 5 of the Dungeon
  3705 | D:5      | Noticed Blork the orc
  3705 | D:5      | Found Qumusus's Distillery.
  3717 | D:5      | Killed Blork the orc
  3720 | D:5      | Slain by an ogre

Illustrated notes

Levels and vault maps discovered:
D:1:      dpeg_arrival_chambers_temple_mockup, layout_basic,
          ebering_ecumenical_altar_webs
D:2:      layout_rooms, uniq_robin
D:3:      layout_basic, serial_shops, nicolae_diamond_shop
D:4:      layout_basic, kennysheep_little_box, tgw_xom, elyvilon_altar_1,
          gammafunk_ghost_icy
D:5:      layout_rooms, fedhas_altar_decomposition, serial_shops, shop,
          uniq_blork_the_orc, uniq_crazy_yiuf_cottage

Skill      XL: |  1  2  3  4  5  6 |
---------------+-------------------+-----
Axes           | 4 5 6 7 8 |  8.3
Fighting       | 4 |  4.2
Armour         | |  2.4
Dodging        | |  2.1

Action                   |  1- 3 |  4- 6 || total
-------------------------+-------+-------++-------
Melee: Hand axe          |    75 |   130 ||   205
       Headbutt          |     7 |    15 ||    22
       Punch             |       |     2 ||     2
Invok: Berserk           |     1 |     1 ||     2
       Trog's Hand       |       |     2 ||     2
Armor: Scale mail        |    30 |    56 ||    86
Dodge: Dodged            |    32 |    50 ||    82
